 Dungeon Crawl Stone Soup version 0.22-a0-254-gaf95ca0ccb (webtiles) character file.

10465 Peterchen the Severer (level 11, -4/82 HPs)
             Began as a Minotaur Berserker on Mar 4, 2018.
             Was a High Priest of Trog.
             Slain by a two-headed ogre
             ... wielding a +0 giant club
              (8 damage)
             ... on level 10 of the Dungeon.
             The game lasted 00:16:33 (8593 turns).

Peterchen the Severer (Minotaur Berserker)          Turns: 8593, Time: 00:16:34

Health: -4/82      AC: 13    Str: 29    XL:     11   Next: 36%
Magic:  10/10      EV:  7    Int:  4    God:    Trog [*****.]
Gold:   331        SH:  2    Dex: 10    Spells: 10/10 levels left

rFire    . . .     SeeInvis .   a - +0 war axe
rCold    . . .     Gourm    .   b - -1 buckler (curse)
rNeg     . . .     Faith    .   k - +0 plate armour
rPois    .         Spirit   .   (helmet restricted)
rElec    .         Reflect  .   (no cloak)
rCorr    .         Harm     .   A - +1 pair of gloves
MR       +++..                  (no boots)
Stlth    ..........             v - amulet of regeneration
HPRegen  1.63/turn              i - ring of protection from magic
MPRegen  0.12/turn              z - +4 ring of strength

@: berserk cooldown, regenerating, slowed, very slow
A: retaliatory headbutt, horns 2
a: Berserk, Trog's Hand, Brothers in Arms, Renounce Religion


You were on level 10 of the Dungeon.
You worshipped Trog.
Trog was extremely pleased with you.
You were near starving.

You visited 1 branch of the dungeon, and saw 10 of its levels.

You collected 503 gold pieces.
You spent 172 gold pieces at shops.

Inventory:

Hand Weapons
 a - a +0 war axe (weapon)
Armour
 b - a cursed -1 buckler (worn)
 k - a +0 plate armour (worn)
 A - a +1 pair of gloves (worn)
Jewellery
 i - a ring of protection from magic (left hand)
 v - an amulet of regeneration (around neck)
 z - a +4 ring of strength (right hand)
Wands
 l - a wand of digging (7)
 t - a wand of flame (30)
 y - a wand of disintegration (12)
Scrolls
 e - 3 scrolls of remove curse
 f - 4 scrolls of blinking
 g - 7 scrolls of teleportation
 j - 3 scrolls of enchant armour
 n - 2 scrolls of magic mapping
 p - 2 scrolls of fear
 w - 3 scrolls of enchant weapon
 x - 2 scrolls of noise
 C - a scroll of brand weapon {unknown}
Potions
 d - 3 potions of flight {unknown}
 h - 2 potions of agility {unknown}
 m - a potion of cancellation {unknown}
 o - a potion of invisibility {unknown}
 q - 4 potions of curing {unknown}
 r - 2 potions of magic {unknown}
 s - a potion of ambrosia {unknown}
 u - a potion of degeneration {unknown}
Comestibles
 c - 21 rations
 B - 2 chunks of flesh


   Skills:
 - Level 3.6 Fighting
 * Level 19.6 Axes
 - Level 2.4 Armour
 - Level 2.1 Dodging


You had 10 spell levels left.
You didn't know any spells.

Dungeon Overview and Level Annotations

Branches:
Dungeon (10/15)            Temple (0/1) D:7            Lair (0/6) D:10
    Orc (0/2) D:10

Altars:
Ashenzari
Dithmenos
Gozag
Kikubaaqudgha
Makhleb
Okawaru
Ru
Sif Muna
Vehumet
Wu Jian
Yredelemnul

Shops:
D:5 %   D:8 [


Innate Abilities, Weirdness & Mutations

You reflexively headbutt those who attack you in melee.
You have a pair of horns on your head.


Message History

The two-headed ogre is lightly wounded.
The two-headed ogre hits you with a giant club!
* * * LOW HITPOINT WARNING * * *
The two-headed ogre hits you but does no damage.
Your ogre hits the two-headed ogre with a giant club.
You're still recovering from your berserk rage.
Your skin crawls.
You feel resistant to hostile enchantments.
You are near starving!
Your ogre barely misses the two-headed ogre.
The two-headed ogre closely misses you. You furiously retaliate!
You headbutt the two-headed ogre, but do no damage.
The two-headed ogre closely misses you.
Your ogre barely misses the two-headed ogre.
You hit the two-headed ogre.
The two-headed ogre is lightly wounded.
The two-headed ogre hits you with a giant club!!
* * * LOW HITPOINT WARNING * * *
The two-headed ogre hits you with a giant club!
You die...

.....###### #....##
.)......).####..#..##
...........##..###..###
..........).#...###...###
#..........<..#..##.....###
#>...........###....P.PP..#
#.........#....#....PP.|♣P♣#
##.......#..##.............♣
#.....###.###..@....P...P..
##...###..# #..O....PP.....
#### ##.## #..O.P.....PP♣P
##..# #.......>...... #..##
#......P.P..... ##.##
#.......P...... ##..#
##♣.....P..PPPP #..##
#............. ##..#
##.........P..


You could see a two-headed ogre and a friendly ogre (berserk).

Vanquished Creatures
  The ghost of nubinia the Thaumaturge, a journeyman GnWz of Nemelex Xobeh (D:10)
  A two-headed ogre (D:8)
  The ghost of Peterchen the Severer, a novice MiBe of Trog (D:9)
  An unseen horror (D:9)
  Pikel (D:5)
  Joseph (D:8)
  A centaur skeleton (D:10)
  A komodo dragon (D:10)
  4 hippogriffs
  A hornet (D:10)
  5 yaks
  A wyvern (D:10)
  A hungry ghost (D:8)
  Menkaure (D:7)
  3 wargs (D:10)
  A water moccasin (D:7)
  2 porcupines (D:10)
  2 orc warriors
  A black bear (D:7)
  4 phantoms
  An ice beast (D:7)
  2 sky beasts
  2 slaves (D:5)
  8 ogres
  3 centaurs
  3 crocodiles
  2 big kobolds
  4 bullfrogs
  A gnoll sergeant (D:8)
  A wyvern zombie (D:10)
  A scorpion (D:9)
  A water moccasin skeleton (D:9)
  3 wights (D:9)
  A howler monkey (D:8)
  A crimson imp (D:9)
  2 bullfrog zombies
  3 hounds
  2 gnoll shamans
  An orc priest (D:10)
  2 jellies
  8 orc wizards
  A bullfrog skeleton (D:5)
  3 iguanas (D:10)
  4 worker ants
  A hound zombie (D:7)
  2 hound skeletons
  A worker ant zombie (D:10)
  27 gnolls
  5 adders
  A shadow imp (D:7)
  An ooze (D:1)
  An adder zombie (D:6)
  A worm (D:3)
  A dart slug (D:1)
  4 leopard geckos
  30 orcs
  4 bats (D:3)
  2 bat zombies (D:3)
  2 giant cockroaches
  5 goblins
  10 hobgoblins
  12 jackals
  15 kobolds
  4 quokkas
  3 ball pythons
  4 frilled lizards
  A giant cockroach zombie (D:6)
  A jackal skeleton (D:7)
  A quokka skeleton (D:9)
  3 rats (D:1)
  A rat zombie (D:3)
237 creatures vanquished.

Vanquished Creatures (others)
  2 fungi (D:10)
  7 plants (D:10)
9 creatures vanquished.

Grand Total: 246 creatures vanquished

Notes
Turn   | Place    | Note
-------+----------+-------------------------------------------
     0 | D:1      | Peterchen the Minotaur Berserker began the quest for the Orb.
     0 | D:1      | Reached XP level 1. HP: 19/19 MP: 0/0
    77 | D:1      | Reached skill level 4 in Axes
    80 | D:1      | Reached XP level 2. HP: 20/26 MP: 1/1
   141 | D:1      | Reached skill level 5 in Axes
   482 | D:1      | Reached XP level 3. HP: 30/31 MP: 2/2
   890 | D:2      | Reached skill level 6 in Axes
   890 | D:2      | Reached XP level 4. HP: 39/39 MP: 3/3
   979 | D:2      | Reached ** piety under Trog
  1454 | D:2      | Found a deep blue altar of Sif Muna.
  2039 | D:3      | Reached XP level 5. HP: 45/45 MP: 4/4
  2041 | D:3      | Reached skill level 7 in Axes
  2363 | D:3      | Noticed an ogre
  2369 | D:3      | Killed an ogre
  2369 | D:3      | Reached skill level 8 in Axes
  2483 | D:3      | Reached XP level 6. HP: 34/51 MP: 5/5
  2719 | D:3      | Found an ancient bone altar of Kikubaaqudgha.
  2782 | D:4      | Found a burning altar of Makhleb.
  2782 | D:4      | Found an ornate altar of the Wu Jian Council.
  3377 | D:4      | Reached skill level 9 in Axes
  3613 | D:4      | Found a basalt altar of Yredelemnul.
  3793 | D:4      | You fall through a shaft for 2 floors!
  3806 | D:6      | Noticed a sky beast
  3811 | D:6      | Killed a sky beast
  3811 | D:6      | Reached XP level 7. HP: 57/57 MP: 6/6
  3815 | D:6      | Reached skill level 10 in Axes
  3823 | D:6      | Reached *** piety under Trog
  4608 | D:6      | Reached skill level 11 in Axes
  4701 | D:5      | Entered Level 5 of the Dungeon
  4731 | D:5      | Found Hestun's Food Emporium.
  4761 | D:5      | Reached XP level 8. HP: 62/64 MP: 7/7
  5051 | D:5      | Noticed Pikel
  5074 | D:5      | HP: 3/96 [Pikel/whip of electrocution (19)]
  5075 | D:5      | Killed Pikel
  5075 | D:5      | Reached skill level 12 in Axes
  5417 | D:5      | Found an opulent altar of Gozag.
  5506 | D:5      | Reached skill level 13 in Axes
  5563 | D:7      | Found a radiant altar of Vehumet.
  5628 | D:7      | Found a sacrificial altar of Ru.
  5632 | D:7      | Noticed Menkaure
  5632 | D:7      | Noticed a hippogriff
  5640 | D:7      | Killed Menkaure
  5696 | D:7      | Killed a hippogriff
  5696 | D:7      | Reached XP level 9. HP: 70/70 MP: 8/8
  5710 | D:7      | Reached skill level 14 in Axes
  6201 | D:7      | Found a staircase to the Ecumenical Temple.
  6231 | D:7      | Reached **** piety under Trog
  6302 | D:7      | Reached skill level 15 in Axes
  6506 | D:8      | Noticed a two-headed ogre
  6519 | D:8      | Killed a two-headed ogre
  6519 | D:8      | Reached skill level 16 in Axes
  6567 | D:8      | Reached XP level 10. HP: 73/77 MP: 9/9
  6600 | D:8      | Found Utenisan's Armour Boutique.
  6607 | D:8      | Bought a +1 pair of gloves for 172 gold pieces
  6729 | D:8      | Noticed Joseph
  6751 | D:8      | Killed Joseph
  6928 | D:9      | Noticed Peterchen's ghost (novice MiBe)
  6939 | D:9      | Killed Peterchen's ghost
  6939 | D:9      | Reached skill level 17 in Axes
  7113 | D:9      | Found a shattered altar of Ashenzari.
  7127 | D:9      | Found an iron altar of Okawaru.
  7340 | D:9      | Reached ***** piety under Trog
  7385 | D:9      | Found a shadowy altar of Dithmenos.
  7724 | D:9      | Killed an unseen horror
  7724 | D:9      | Reached skill level 18 in Axes
  7766 | D:10     | Entered Level 10 of the Dungeon
  8029 | D:10     | Found a staircase to the Orcish Mines.
  8135 | D:10     | Found a staircase to the Lair.
  8140 | D:10     | Reached XP level 11. HP: 82/82 MP: 10/10
  8141 | D:10     | Noticed nubinia's ghost (journeyman GnWz)
  8163 | D:10     | Killed nubinia's ghost
  8163 | D:10     | Reached skill level 19 in Axes
  8570 | D:10     | Noticed a two-headed ogre
  8593 | D:10     | HP: 4/82 [two-headed ogre/giant club (19)]
  8593 | D:10     | Slain by a two-headed ogre

Vault maps used:
D:1:      giann_wishing_wells
D:2:      lemuel_blue_sif_altar
D:3:      lemuel_zombie_altar_kikubaaqudgha
D:4:      yredelemnul_altar_generic, nicolae_overflow_hidden_temple
D:5:      grunt_gozag_statues, serial_shops, shop, first_ration, uniq_pikel
D:6:      serial_glass, glass_columns_a, glass_columns_a
D:7:      kennysheep_mini, hangedman_ru_absence,
          minmay_temple_entry_enclosed_plants, grunt_ogre_cave, uniq_menkaure
D:8:      serial_shops, shop, uniq_joseph
D:9:      lemuel_crystal_altar, marbit_many_paths, okawaru_ov_weapons_minmay
D:10:     minmay_lair_entry_grove, minmay_orc_entry_guard_dogs, basic_altar,
          nrook_uturn

Skill      XL: |  1  2  3  4  5  6  7  8  9 10 11 |
---------------+----------------------------------+-----
Axes           | 4 5 6 8 9 11 13 16 18 19 | 19.6
Fighting       | |  3.6
Armour         | |  2.4
Dodging        | |  2.1

Action                   |  1- 3 |  4- 6 |  7- 9 | 10-12 || total
-------------------------+-------+-------+-------+-------++-------
Melee: Hand axe          |    43 |    97 |       |       ||   140
       Headbutt          |     5 |    19 |    37 |    48 ||   109
       War axe           |       |    30 |   205 |   249 ||   484
Invok: Berserk           |     2 |     3 |     4 |     6 ||    15
       Trog's Hand       |       |       |       |     3 ||     3
       Brothers in Arms  |       |       |       |     2 ||     2
  Use: Scroll            |       |     7 |     1 |     2 ||    10
 Stab: Sleeping          |     1 |     1 |       |       ||     2
  Eat: Chunk             |     2 |    10 |    13 |    15 ||    40
Armor: Animal skin       |     2 |    21 |       |       ||    23
       Chain mail        |       |    16 |       |       ||    16
       Plate armour      |       |     1 |   128 |   168 ||   297
Dodge: Dodged            |    33 |    71 |    66 |   110 ||   280
Block: Buckler           |       |       |     9 |    21 ||    30

Table legend:
 A = Spawn XP
 B = Non-spawn XP
 C = Spawn XP percentage of total XP
 D = Spawn monster count
 E = Non-spawn monster count
 F = Spawn count percentage of total count
 G = Total turns spent on level
                    A         B        C        D         E        F      G
               +---------+---------+-------+---------+---------+-------+---------
         Total |       0 |   14950 |   0.0 |       0 |     235 |   0.0 |  8593
               +---------+---------+-------+---------+---------+-------+---------
           D:1 |       0 |      46 |   0.0 |       0 |      23 |   0.0 |   590
           D:2 |       0 |      68 |   0.0 |       0 |      12 |   0.0 |   884
           D:3 |       0 |     296 |   0.0 |       0 |      36 |   0.0 |  1286
           D:4 |       0 |     212 |   0.0 |       0 |      16 |   0.0 |  1180
           D:5 |       0 |     930 |   0.0 |       0 |       9 |   0.0 |   691
           D:6 |       0 |     715 |   0.0 |       0 |      20 |   0.0 |   961
           D:7 |       0 |    2047 |   0.0 |       0 |      25 |   0.0 |   837
           D:8 |       0 |    2505 |   0.0 |       0 |      24 |   0.0 |   583
           D:9 |       0 |    3129 |   0.0 |       0 |      30 |   0.0 |   988
          D:10 |       0 |    5002 |   0.0 |       0 |      40 |   0.0 |   593
               +---------+---------+-------+---------+---------+-------+---------
